AoeStats
← KootH.

African Clearing

506953440Analyzed
4v4 RM · 16d ago on Sep 15, 2026· 53m 41s· 8 players
Game mode
Random Map
Map size
Large (8 player)
Population
200
Speed
Normal
Resources
Standard
Victory
Conquest
Starting age
Dark Age
Ending age
Imperial Age
RankedLock teamsTeams togetherTeam positionsShared explorationLock speedFull tech treeHidden civsTurbo modeCheats
Victory
Defeat
🇧🇷 Teutons · Brazil
1377
+18
🇧🇷 Mongols · Brazil
1377
+18
🇧🇷 Italians · Brazil
1366
+18
🇧🇷 Hindustanis · Brazil
1313
+20
🇦🇷 Mongols · Argentina
1487
-22
🇦🇷 Berbers · Argentina
1437
-19
🇨🇴 Persians · Colombia
1407
-18
🇮🇳 Ethiopians · India
1333
-15
Zargo
10:14 Loom
12:49 Feudal Age
16:43 Castle Age
15:06 Double-Bit Axe
15:42 Fletching
24:20 Bodkin Arrow
25:52 Padded Archer Armor
26:29 Ballistics
31:33 Town Watch
33:38 Horse Collar
37:31 Wheelbarrow
37:40 Kasbah
39:34 Hand Cart
46:33 Imperial Age
46:53 Leather Archer Armor
47:17 Bracer
47:39 Conscription
47:49 Husbandry
49:11 Elite Camel Archer
51:10 Chemistry
53:22 Thumb Ring
AWAKALTA
KootH.
4:57 Loom
13:48 Feudal Age
16:06 Double-Bit Axe
18:42 Castle Age
18:26 Forging
28:12 Wheelbarrow
28:11 Scale Barding Armor
29:14 Iron Casting
29:11 Husbandry
30:29 Bloodlines
35:57 Hand Cart
36:17 Bow Saw
35:48 Horse Collar
39:36 Imperial Age
38:36 Chain Barding Armor
39:04 Heavy Plow
39:27 Gold Mining
39:27 Stone Mining
39:13 Cavalier
40:00 Light Cavalry
40:01 Heavy Camel Rider
40:34 Savar
42:32 Blast Furnace
46:08 Plate Barding Armor
48:54 Conscription
50:51 Hoardings
50:57 Pikeman
51:37 Squires
52:21 Fletching
52:32 Padded Archer Armor
53:23 Ballistics
Genghis huns
8:51 Loom
12:13 Feudal Age
14:07 Double-Bit Axe
17:00 Fletching
17:32 Horse Collar
21:33 Castle Age
22:10 Bodkin Arrow
21:36 Crossbowman
34:55 Wheelbarrow
34:30 Town Watch
40:03 Ballistics
46:40 Padded Archer Armor
51:41 Thumb Ring
NPC_Caveira
5:11 Loom
13:07 Feudal Age
13:52 Double-Bit Axe
17:37 Scale Barding Armor
21:20 Castle Age
20:17 Bloodlines
20:19 Forging
20:31 Gold Mining
20:25 Horse Collar
28:37 Chain Barding Armor
35:44 Husbandry
41:56 Imperial Age
40:07 Fletching
41:39 Iron Casting
42:07 Heavy Camel Rider
43:54 Wheelbarrow
44:23 Blast Furnace
45:17 Conscription
46:19 Plate Barding Armor
48:28 Hand Cart
48:42 Grand Trunk Road
49:56 Heavy Plow
49:18 Imperial Camel Rider
Dudu
14:11 Feudal Age
17:45 Castle Age
15:40 Double-Bit Axe
15:48 Fletching
18:46 Bodkin Arrow
36:05 Wheelbarrow
37:44 Loom
42:03 Padded Archer Armor
44:33 Ballistics
51:18 Imperial Age
51:22 Elite Mangudai
52:06 Bracer
52:22 Leather Archer Armor
53:11 Chemistry
Guii
2:59 Loom
12:30 Feudal Age
13:30 Double-Bit Axe
15:02 Horse Collar
22:02 Castle Age
21:32 Scale Barding Armor
22:41 Forging
23:36 Bow Saw
26:06 Chain Barding Armor
37:37 Wheelbarrow
36:48 Town Watch
41:16 Imperial Age
39:24 Heavy Plow
40:06 Hand Cart
41:17 Iron Casting
41:29 Gold Mining
41:29 Stone Mining
41:40 Cavalier
42:28 Scale Mail Armor
41:49 Pikeman
42:30 Squires
42:15 Gambesons
42:16 Arson
43:36 Two-Man Saw
43:24 Chain Mail Armor
44:10 Blast Furnace
42:51 Halberdier
47:12 Conscription
48:58 Plate Mail Armor
49:23 Ballistics
M070R
3:11 Loom
12:24 Feudal Age
17:11 Castle Age
15:27 Double-Bit Axe
15:37 Horse Collar
16:03 Gold Mining
16:40 Fletching
23:11 Ballistics
25:04 Bodkin Arrow
28:49 Wheelbarrow
33:04 Imperial Age
31:48 Padded Archer Armor
33:05 Leather Archer Armor
33:32 Bow Saw
33:23 Stone Mining
33:43 Heavy Plow
33:33 Elite Genoese Crossbowman
35:12 Forging
35:05 Bracer
34:56 Town Watch
36:27 Chemistry
38:05 Conscription
39:45 Stone Shaft Mining
40:15 Hoardings
40:44 Ring Archer Armor
41:57 Two-Man Saw
42:55 Hand Cart
45:05 Coinage
46:16 Banking
48:33 Silk Road
50:39 Town Patrol
51:17 Crop Rotation
52:06 Thumb Ring
Connection lost

Rejoining the realm…

Still unreachable

The connection could not be restored.

Session expired

The server has moved on; the page needs a fresh start.